 Dungeon Crawl Stone Soup version 0.24-a0-272-g1411513 (webtiles) character file.

Game seed: 15109257271370660382

13 Piddle the Ducker (level 2, -1/11 HPs)
             Began as a Felid Venom Mage on Apr 25, 2019.
             Slain by a goblin
             ... wielding a +0 club
              (6 damage)
             ... on level 1 of the Dungeon.
             The game lasted 00:02:03 (642 turns).

Piddle the Ducker (Felid Venom Mage)                 Turns: 642, Time: 00:02:04

Health: -1/11      AC:  1    Str:  4    XL:     2   Next: 24%
Magic:  5/6        EV: 18    Int: 16    God:
Gold:   0          SH:  0    Dex: 16    Spells: 2/5 levels left
                                        Lives:  0   Deaths: 0

rFire    . . .     SeeInvis +   (weapon unavailable)
rCold    . . .     Gourm    .   (shield unavailable)
rNeg     . . .     Faith    .   (armour unavailable)
rPois    .         Spirit   .   (helmet unavailable)
rElec    .         Reflect  .   (cloak unavailable)
rCorr    .         Harm     .   (gloves unavailable)
MR       .....                  (boots unavailable)
Stlth    +++.......             (no amulet)
HPRegen  0.03/turn              (no ring)
MPRegen  0.10/turn              (no ring)

@: very slightly contaminated, quick
A: very small, no armour, no weapons or thrown items, stealth, claws 1, fangs 3,
see invisible, carnivore, speed 1, shaggy fur 1, slow metabolism 1, sharp paws
a: no special abilities


You were on level 1 of the Dungeon.
You were very full.

You visited 1 branch of the dungeon, and saw 1 of its levels.

Inventory:

Scrolls
 c - a scroll of random uselessness {unknown}
 d - a scroll of enchant weapon {unknown}
 e - a scroll of identify {unknown}
Potions
 a - 4 potions of curing {unknown}
Comestibles
 b - 2 rations


   Skills:
 + Level 3.1 Dodging
 + Level 3.0 Stealth
 + Level 2.1 Spellcasting
 + Level 0.8 Conjurations
 + Level 2.9 Poison Magic


You had 2 spell levels left.
You knew the following spells:

 Your Spells              Type           Power        Failure   Level  Hunger
a - Sting                 Conj/Pois      #...         10%         1    #......
b - Poisonous Vapours     Pois/Air       #.....       17%         2    ###....

Your spell library contained the following spells:

 Spells                   Type           Power        Failure   Level  Hunger
 Mephitic Cloud           Conj/Pois/Air  #.......     36%         3    ###....
 Olgreb's Toxic Radiance  Pois           ##......     52%         4    #####..
 Venom Bolt               Conj/Pois      #.........   95%         5    ######.


Dungeon Overview and Level Annotations

Branches:
Dungeon (1/15)

Altars:


Innate Abilities, Weirdness & Mutations

You cannot wear armour.
You are incapable of wielding weapons or throwing items.
Your paws allow you to move quietly. (Stealth)
You have sharp claws.
You have razor-sharp teeth.
You have supernaturally acute eyesight. (SInv)
You are carnivorous and can eat meat at any time.
You cover ground quickly.
You are covered in fur. (AC +1)
You have a slow metabolism.
Your sharp claws are effective at attacking unaware monsters.


Message History

Casting: Sting (safe; 10% risk of failure)
Confirm with . or Enter, or press ? or * to list all spells.
Aiming: Sting (safe; 10% risk of failure)
Press: ? - help, Shift-Dir - straight line, f - kobold
Aim: a kobold (moderately wounded)
You miscast Sting.
You are very lightly contaminated with residual magic.
Nothing appears to happen.
Casting: Sting (safe; 10% risk of failure)
Confirm with . or Enter, or press ? or * to list all spells.
Aiming: Sting (safe; 10% risk of failure)
Press: ? - help, Shift-Dir - straight line, f/p - kobold
Aim: a kobold (moderately wounded)
You miscast Sting.
You feel odd.
You see here a +0 whip.
A goblin comes into view. It is wielding a +0 club.
The goblin shouts!
The goblin hits you with a +0 club.
Ouch! That really hurt!
You die...

..#.#...# #..#..............
..#.#.#.#..#####..#......#####.#.
.............................>.#.
..................#####........#.
...........#.###......#........#.
.............# #..###.#........##
#.#..##....#.###..# #.#........##
#.#..##........#g.###.######.....
.............K..@.....### ###...
###...#....#...#...#....#######.#
#...#....#.......#.............
#...#..........#.#.....##.#.#.#
##.....[.......#.#.....#.......
#.##...#..#.#.#.#.....#.......
####........#.###...).#.......
#......###.# #.....#......#
###.#...##.#...............


You could see a goblin and a kobold.

Vanquished Creatures
  3 bats (D:1)
  2 giant cockroaches (D:1)
  A goblin (D:1)
  3 kobolds (D:1)
  A frilled lizard (D:1)
  2 rats (D:1)
12 creatures vanquished.

Notes
Turn   | Place    | Note
-------+----------+-------------------------------------------
     0 | D:1      | Piddle the Felid Venom Mage began the quest for the Orb.
     0 | D:1      | Reached XP level 1. HP: 7/7 MP: 4/4
   261 | D:1      | Reached XP level 2. HP: 6/11 MP: 4/6
   548 | D:1      | Learned a level 2 spell: Poisonous Vapours
   642 | D:1      | Slain by a goblin

Levels and vault maps discovered:
D:1:      dpeg_arrival_water_altar, layout_basic, hangedman_decor_slide_cut

Skill      XL: |  1  2 |
---------------+-------+-----
Dodging        | 3 |  3.1
Stealth        | 3 |  3.0
Spellcasting   | |  2.1
Conjurations   | |  0.8
Poison Magic   | |  2.9

Action                   || total
-------------------------++-------
Melee: Unarmed           ||    25
 Cast: Sting             ||    11
 Stab: Sleeping          ||     1
  Eat: Chunk             ||     6
Dodge: Dodged            ||    18

Table legend:
 A = Non-vault XP
 B = Vault XP
 C = Vault XP percentage of total XP
 D = Non-vault monster count
 E = Vault monster count
 F = Vault count percentage of total count
                 A         B        C        D         E       F
            +---------+---------+-------+---------+---------+-------
      Total |      19 |       0 |   0.0 |      12 |       0 |   0.0
            +---------+---------+-------+---------+---------+-------
        D:1 |      19 |       0 |   0.0 |      12 |       0 |   0.0
            +---------+---------+-------+---------+---------+-------
